AoeStats
← Comend x comend

Arena

507142627Analyzed
4v4 RM · 15d ago on Sep 16, 2026· 43m 38s· 8 players
Game mode
Random Map
Map size
Large (8 player)
Population
200
Speed
Normal
Resources
Standard
Victory
Conquest
Starting age
Dark Age
Ending age
Imperial Age
RankedLock teamsTeams togetherTeam positionsShared explorationLock speedFull tech treeHidden civsTurbo modeCheats
Victory
Defeat
🇵🇹 Saracens · Portugal
1370
+16
1352
+17
🇹🇷 Mongols · Türkiye
1352
+17
🇵🇹 Bulgarians · Portugal
1349
+17
🇵🇪 Turks · Peru
1392
-17
🇦🇷 Bohemians · Argentina
1381
-17
🇲🇽 Britons · Mexico
1373
-17
🇩🇪 Vikings · Germany
1346
-16
Fu
11:00 Feudal Age
14:47 Castle Age
13:00 Double-Bit Axe
13:35 Horse Collar
15:49 Bow Saw
19:48 Wheelbarrow
19:03 Loom
23:10 Gold Mining
25:51 Hand Cart
29:26 Imperial Age
27:11 Scale Barding Armor
27:17 Forging
27:27 Heavy Plow
28:09 Chain Barding Armor
28:03 Stirrups
28:12 Stone Mining
28:51 Bloodlines
28:42 Husbandry
29:39 Iron Casting
29:51 Ballistics
29:43 Masonry
30:35 Conscription
30:09 Elite Konnik
32:24 Plate Barding Armor
32:50 Blast Furnace
31:44 Fletching
31:26 Capped Ram
33:41 Bodkin Arrow
33:16 Siege Ram
35:34 Gold Shaft Mining
35:58 Bracer
36:31 Architecture
?
9:05 Feudal Age
13:48 Castle Age
11:43 Double-Bit Axe
11:53 Horse Collar
14:44 Bow Saw
14:36 Heavy Plow
20:38 Wheelbarrow
21:48 Hand Cart
22:39 Gold Mining
22:41 Loom
22:54 Town Watch
24:18 Stone Mining
25:04 Gold Shaft Mining
28:43 Imperial Age
26:21 Fletching
27:08 Ballistics
27:52 Stone Shaft Mining
27:24 Bodkin Arrow
27:52 Padded Archer Armor
29:14 Bloodlines
29:05 Husbandry
28:51 Elite Mangudai
29:52 Conscription
31:27 Bracer
31:42 Leather Archer Armor
32:32 Chemistry
32:29 Scale Barding Armor
33:15 Thumb Ring
36:21 Coinage
36:04 Masonry
35:36 Light Cavalry
36:38 Chain Barding Armor
36:29 Forging
38:10 Drill
39:17 Iron Casting
38:08 Hussar
39:09 Murder Holes
39:20 Siege Engineers
40:25 Parthian Tactics
41:02 Blast Furnace
43:26 Banking
42:48 Capped Ram
SCURR.Welt-PAD-THAI-SITTICH
12:02 Feudal Age
16:13 Castle Age
20:21 Imperial Age
18:10 Double-Bit Axe
20:12 Padded Archer Armor
25:01 Leather Archer Armor
33:44 Ring Archer Armor
39:40 Scale Barding Armor
39:46 Forging
40:22 Wheelbarrow
39:29 Horse Collar
39:42 Stone Mining
39:43 Gold Mining
40:51 Chain Barding Armor
42:03 Artillery
43:14 Iron Casting
44:36 Plate Barding Armor
45:03 Blast Furnace
BARAKA wins!
12:41 Feudal Age
16:37 Castle Age
15:31 Double-Bit Axe
15:27 Horse Collar
17:25 Loom
18:00 Bloodlines
18:29 Scale Barding Armor
25:53 Gold Mining
30:14 Wheelbarrow
30:00 Bow Saw
30:12 Forging
31:19 Iron Casting
33:02 Hand Cart
33:10 Heavy Plow
33:31 Husbandry
34:13 Stone Mining
35:00 Gold Shaft Mining
35:08 Chain Barding Armor
39:52 Imperial Age
37:25 Herbal Medicine
40:10 Heavy Camel Rider
41:36 Plate Barding Armor
42:01 Blast Furnace
40:39 Light Cavalry
41:03 Elite Skirmisher
41:48 Thumb Ring
41:31 Heavy Camel Rider
43:39 Two-Man Saw
42:04 Elite Skirmisher
42:09 Onager
43:29 Hussar
sgt peppers s
1:54 Loom
10:10 Feudal Age
14:48 Castle Age
12:43 Double-Bit Axe
13:55 Horse Collar
14:09 Fletching
18:03 Crossbowman
19:09 Loom
25:22 Heavy Plow
26:04 Bow Saw
26:31 Gold Mining
26:35 Stone Mining
28:55 Wheelbarrow
34:28 Imperial Age
32:52 Hand Cart
33:24 Padded Archer Armor
33:20 Bodkin Arrow
34:22 Leather Archer Armor
35:25 Bracer
35:49 Conscription
35:03 Arbalester
36:31 Gold Shaft Mining
36:20 Ballistics
37:30 Ring Archer Armor
38:49 Chemistry
37:58 Scale Mail Armor
38:09 Forging
38:07 Capped Ram
39:02 Pikeman
39:28 Gambesons
39:43 Squires
41:56 Iron Casting
41:37 Chain Mail Armor
41:26 Halberdier
41:51 Arson
43:53 Blast Furnace
软脚虾3号
10:49 Feudal Age
11:37 Double-Bit Axe
14:27 Castle Age
12:25 Horse Collar
15:31 Bow Saw
15:25 Heavy Plow
22:20 Gold Mining
23:54 Gold Shaft Mining
26:55 Imperial Age
24:11 Loom
24:15 Town Watch
24:59 Stone Mining
25:25 Fletching
25:17 Treadmill Crane
25:57 Ballistics
26:16 Bodkin Arrow
26:24 Scale Mail Armor
26:34 Forging
26:52 Masonry
26:55 Man-at-Arms
28:57 Two-Man Saw
28:20 Conscription
27:47 Gambesons
28:03 Squires
27:49 Arson
28:46 Chain Mail Armor
29:06 Iron Casting
28:02 Long Swordsman
28:59 Two-Handed Swordsman
30:10 Plate Mail Armor
30:00 Chieftains
30:14 Champion
32:04 Blast Furnace
31:05 Heavy Scorpion
32:25 Bracer
33:12 Siege Engineers
34:08 Chemistry
35:33 Padded Archer Armor
35:42 Capped Ram
38:22 Siege Ram
41:24 Caravan
Comend x comend
3:51 Loom
11:03 Feudal Age
15:42 Castle Age
20:23 Imperial Age
25:05 Bloodlines
24:56 Husbandry
31:45 Loom
32:00 Horse Collar
32:10 Double-Bit Axe
Owen Guillermo Crippa
12:20 Feudal Age
16:05 Castle Age
14:38 Double-Bit Axe
14:34 Horse Collar
17:08 Wheelbarrow
18:54 Heavy Plow
23:19 Bow Saw
25:17 Hand Cart
30:10 Imperial Age
27:26 Loom
27:46 Padded Archer Armor
27:36 Fletching
29:27 Chemistry
28:12 Treadmill Crane
29:33 Chemistry
29:07 Leather Archer Armor
28:42 Fletching
29:08 Town Watch
28:45 Elite Skirmisher
29:50 Ballistics
30:21 Bodkin Arrow
31:24 Ring Archer Armor
31:15 Bracer
31:22 Siege Engineers
32:03 Masonry
33:22 Two-Man Saw
33:45 Architecture
33:39 Houfnice
40:35 Scale Mail Armor
40:45 Forging
41:02 Squires
40:29 Pikeman
Connection lost

Rejoining the realm…

Still unreachable

The connection could not be restored.

Session expired

The server has moved on; the page needs a fresh start.